AoeStats
← parradodj

MegaRandom

510832604Analyzed
2v2 RM · 22h ago on Oct 2, 2026· 86m 7s· 4 players
Game mode
Random Map
Map size
Medium (4 player)
Population
200
Speed
Normal
Resources
Standard
Victory
Conquest
Starting age
Dark Age
Ending age
Imperial Age
RankedLock teamsTeams togetherTeam positionsShared explorationLock speedFull tech treeHidden civsTurbo modeCheats
Victory
Defeat
🇺🇸 Lithuanians · United States
951
+12
🇺🇸 Romans · United States
849
+16
🇲🇽 Spanish · Mexico
864
-14
🇨🇴 Vietnamese · Colombia
862
-14
parradodj
14:45 Feudal Age
13:01 Loom
15:02 Man-at-Arms
17:06 Stone Mining
17:06 Gold Mining
17:05 Double-Bit Axe
17:04 Horse Collar
18:56 Forging
18:47 Scale Mail Armor
19:56 Town Watch
22:09 Wheelbarrow
25:42 Castle Age
28:39 Thumb Ring
28:57 Fletching
29:08 Padded Archer Armor
29:14 Scale Barding Armor
29:38 Husbandry
32:24 Elite Skirmisher
34:00 Bow Saw
33:54 Heavy Plow
33:44 Pikeman
35:19 Leather Archer Armor
36:46 Bodkin Arrow
38:20 Caravan
40:47 Town Patrol
41:03 Hand Cart
43:49 Chatras
46:02 Squires
50:32 Iron Casting
55:44 Stone Shaft Mining
56:56 Fortified Wall
56:42 Murder Holes
57:08 Ballistics
60:56 Imperial Age
62:04 Paper Money
62:22 Elite Battle Elephant
64:02 Halberdier
66:49 Imperial Skirmisher
67:48 Chain Mail Armor
70:44 Two-Man Saw
70:21 Crop Rotation
70:24 Ring Archer Armor
69:55 Bracer
71:14 Plate Mail Armor
71:05 Chain Barding Armor
75:47 Plate Barding Armor
75:25 Bloodlines
74:36 Light Cavalry
76:40 Chemistry
Trukson
3:34 Loom
12:41 Feudal Age
20:21 Castle Age
21:28 Man-at-Arms
27:38 Bloodlines
26:50 Long Swordsman
39:08 Imperial Age
47:22 Caravan
53:33 Fletching
53:43 Padded Archer Armor
55:32 Elite Conquistador
56:13 Bodkin Arrow
56:33 Leather Archer Armor
56:52 Forging
56:55 Light Cavalry
62:22 Iron Casting
61:49 Bracer
64:23 Chemistry
63:43 Ballistics
Leftovermedal98
9:17 Loom
11:10 Feudal Age
11:57 Horse Collar
12:10 Double-Bit Axe
14:03 Town Watch
24:15 Scale Mail Armor
24:21 Man-at-Arms
29:15 Castle Age
31:38 Long Swordsman
37:50 Bow Saw
37:39 Pikeman
40:41 Chain Mail Armor
42:07 Heavy Plow
43:31 Forging
45:59 Light Cavalry
46:50 Bloodlines
47:30 Iron Casting
47:11 Demolition Ship
56:49 Imperial Age
55:17 Guard Tower
57:33 Fortified Wall
58:51 Crop Rotation
59:57 Scale Barding Armor
62:49 Legionary
70:15 Conscription
lovestosplooge
9:24 Loom
12:38 Feudal Age
18:39 Castle Age
17:32 Horse Collar
17:45 Double-Bit Axe
22:51 Pikeman
23:32 Squires
29:39 Scale Barding Armor
29:44 Forging
30:58 Redemption
33:24 Iron Casting
32:40 Fletching
33:22 Husbandry
38:32 Imperial Age
36:38 Wheelbarrow
38:38 Chain Barding Armor
40:29 Conscription
43:06 Scale Mail Armor
45:38 Elite Skirmisher
46:36 Cavalier
47:57 Onager
49:09 Caravan
50:02 Bow Saw
51:20 Plate Barding Armor
57:04 Chemistry
56:58 Capped Ram
59:17 Halberdier
62:15 Hoardings
61:01 Elite Leitis
64:55 Hand Cart
70:54 Stone Mining
70:55 Gold Mining
71:44 Heated Shot
76:10 Paladin
77:01 Bloodlines
76:11 Light Cavalry
77:39 Man-at-Arms
84:42 Bodkin Arrow
84:48 Padded Archer Armor
86:15 Bracer
86:30 Leather Archer Armor
86:31 Chain Mail Armor
Connection lost

Rejoining the realm…

Still unreachable

The connection could not be restored.

Session expired

The server has moved on; the page needs a fresh start.